 Dungeon Crawl Stone Soup version 0.24.0-123-gd5b16e6ec5 (webtiles) character file.

Game seed: 17257373343052517294, levelgen mode: deterministic

68 Chiseanne the Magician (level 4, 27/30 HPs)
             Began as a Demonspawn Wizard on Jan 21, 2020.
             Quit the game on level 2 of the Dungeon.
             The game lasted 00:02:32 (1944 turns).

Chiseanne the Magician (Demonspawn Wizard)          Turns: 1944, Time: 00:02:33

Health: 27/30      AC:  2    Str:  7    XL:     4   Next: 1%
Magic:  0/9        EV: 12    Int: 20    God:
Gold:   59         SH:  0    Dex: 12    Spells: 1/10 levels left

rFire    . . .     SeeInvis .   c - +0 mace
rCold    . . .     Gourm    .   (no shield)
rNeg     . . .     Faith    .   a - +0 robe
rPois    .         Spirit   .   b - +0 hat
rElec    .         Reflect  .   (no cloak)
rCorr    .         Harm     .   (no gloves)
MR       .....                  (no boots)
Stlth    ++........             (no amulet)
HPRegen  0.10/turn              (no ring)
MPRegen  0.11/turn              (no ring)

@: no status effects
A: antennae 1, powered by pain 1
a: no special abilities


You were on level 2 of the Dungeon.
You were very hungry.

You visited 1 branch of the dungeon, and saw 2 of its levels.

You collected 59 gold pieces.

Inventory:

Hand Weapons
 c - a +0 mace (weapon)
Missiles
 e - 70 stones (quivered)
 g - 17 sling bullets
 i - 43 arrows
 n - 45 bolts
 p - 3 silver javelins
Armour
 a - a +0 robe (worn)
 b - a +0 hat (worn)
Jewellery
 k - an uncursed amulet of harm {unknown}
 r - a cursed ring of teleportation {unknown}
Scrolls
 l - a scroll of remove curse
 m - a scroll of teleportation
 o - a scroll of blinking {unknown}
Potions
 f - a potion of lignification {unknown}
 h - 2 potions of brilliance {unknown}
 j - a potion of agility {unknown}
 q - a potion of might
Comestibles
 d - 4 rations


   Skills:
 - Level 1.7 Dodging
 - Level 1.7 Stealth
 * Level 3.9 Spellcasting
 * Level 2.8 Conjurations
   Level 1.0 Summonings
 - Level 0.8 Translocations


You had one spell level left.
You knew the following spells:

 Your Spells              Type           Power        Failure   Level  Hunger
a - Magic Dart            Conj           ###.         4%          1    None
b - Blink                 Tloc           N/A          14%         2    ##.....
c - Conjure Flame         Conj/Fire      #.......     22%         3    ###....
d - Mephitic Cloud        Conj/Pois/Air  #.......     26%         3    ###....

Your spell library contained the following spells:

 Spells                   Type           Power        Failure   Level  Hunger
 Call Imp                 Summ           #.......     13%         2    ##.....
 Slow                     Hex            #.......     21%         2    ##.....


Dungeon Overview and Level Annotations

Branches:
Dungeon (2/15)

Altars:
Makhleb
Uskayaw


Innate Abilities, Weirdness & Mutations

You have a pair of small antennae on your head.
You sometimes gain a little power by taking damage.


Message History

The hobgoblin hits you.
Casting: Magic Dart (safe; 4% risk of failure)
Confirm with . or Enter, or press ? or * to list all spells.
Aiming: Magic Dart (safe; 4% risk of failure)
Press: ? - help, Shift-Dir - straight line, f/p - hobgoblin
Aim: a hobgoblin The magic dart hits the hobgoblin.
The hobgoblin is almost dead.
The hobgoblin hits you.
Casting: Magic Dart (safe; 4% risk of failure)
Confirm with . or Enter, or press ? or * to list all spells.
Aiming: Magic Dart (safe; 4% risk of failure)
Press: ? - help, Shift-Dir - straight line, f/p - hobgoblin
Aim: a hobgoblin (almost dead)
The magic dart hits the hobgoblin.
You kill the hobgoblin!
You have reached level 4!
You feel agile.
Your demonic ancestry asserts itself...
A pair of antennae grows on your head!
Are you sure you want to abandon this character and quit the game? (Confirm with "yes".)

#.#...#.####.############.#.#.#
#.#.......................#.#.#
#.######.###.##############.#.#
.........................#
###..##.##.............#.#
#####
#...................######
....# #.##.##.##.########.#
################## #.#
................@# #.#
#...#...#...#..†#########.###
...................)..g.....#
#...#...#...#...#########.#.#
.................# #.#.#
################## #.#.# ###
#.#.# #.. ..... ..### ###.#


There were no monsters in sight!

Vanquished Creatures
  Terence (D:2)
  An ooze (D:1)
  3 dart slugs (D:1)
  10 bats
  2 giant cockroaches (D:1)
  3 goblins
  4 hobgoblins
  2 jackals (D:1)
  4 kobolds
  2 rats
32 creatures vanquished.

Notes
Turn   | Place    | Note
-------+----------+-------------------------------------------
     0 | D:1      | Chiseanne the Demonspawn Wizard began the quest for the
                  | Orb.
     0 | D:1      | Reached XP level 1. HP: 13/13 MP: 4/4
   330 | D:1      | Gained mutation: You sometimes gain a little power by
                  | taking damage. [demonic ancestry]
   330 | D:1      | Reached XP level 2. HP: 19/19 MP: 0/6
  1044 | D:1      | Reached XP level 3. HP: 16/24 MP: 1/8
  1318 | D:2      | Found a hide-covered altar of Uskayaw.
  1322 | D:2      | Noticed Terence
  1367 | D:1      | Learned a level 2 spell: Blink
  1371 | D:1      | Learned a level 3 spell: Conjure Flame
  1375 | D:1      | Learned a level 3 spell: Mephitic Cloud
  1892 | D:2      | Found a burning altar of Makhleb.
  1922 | D:2      | Killed Terence
  1943 | D:2      | Gained mutation: You have a pair of small antennae on your
                  | head. [demonic ancestry]
  1943 | D:2      | Reached XP level 4. HP: 27/30 MP: 0/9
  1944 | D:2      | Quit the game

Levels and vault maps discovered:
D:1:      dpeg_arrival_tiny_d, layout_basic, minmay_misc_feat_pillars
D:2:      layout_basic, lemuel_coloured_pillars_altar, old_standard_altar,
          uniq_terence

Skill      XL: |  1  2 |
---------------+-------+-----
Conjurations   | 2 |  2.8
Dodging        | |  1.7
Stealth        | |  1.7
Spellcasting   | |  3.9
Summonings     | |  1.0
Translocations | |  0.8

Action                   |  1- 3 |  4- 6 || total
-------------------------+-------+-------++-------
Melee: Unarmed           |    10 |       ||    10
       Mace              |    15 |       ||    15
 Cast: Magic Dart        |    69 |     1 ||    70
       Conjure Flame     |     1 |       ||     1
       Mephitic Cloud    |     1 |       ||     1
  Use: Scroll            |     2 |       ||     2
  Eat: Chunk             |     2 |       ||     2
Armor: Robe              |     5 |       ||     5
Dodge: Dodged            |    25 |       ||    25
